 Dungeon Crawl Stone Soup version 0.30-a0-570-g486de37d69 (webtiles) character file.

Game seed: 17118358831419677142

1018 Morbidden the Sneak (level 8, 0/40 HPs)
             Began as a Vine Stalker Brigand on Dec 29, 2022.
             Was an Initiate of Fedhas.
             Slain by an ogre
             ... wielding a +0 giant spiked club
              (22 damage)
             ... on level 5 of the Dungeon.
             The game lasted 00:05:37 (4160 turns).

Morbidden the Sneak (Vine Stalker Brigand)          Turns: 4160, Time: 00:05:38

Health: 0/40       AC:  7    Str: 15    XL:     8   Next: 22%
Magic:  0/12       EV: 12    Int: 13    God:    Fedhas [......]
Gold:   333        SH:  0    Dex: 15    Spells: 11/11 levels left

rFire   . . .      SeeInvis .    a - +2 dagger
rCold   . . .      Faith    .    (no shield)
rNeg    . . .      Spirit   +    r - +3 leather armour
rPois   .          Reflect  .    (no helmet)
rElec   .          Harm     .    c - +0 cloak
rCorr   .          Rampage  .    (no gloves)
Will    +....                    (no boots)
Stlth   +++                      (no amulet)
HPRegen 1.06/turn                (no ring)
MPRegen 0.13/turn                (no ring)

@: about to teleport
A: fangs 3, regeneration 1, magic shield, antimagic bite, no potion heal 2,
evolution 1
a: Renounce Religion


You were on level 5 of the Dungeon.
You worshipped Fedhas.
Fedhas was noncommittal.
You visited 1 branch of the dungeon, and saw 5 of its levels.

You collected 333 gold pieces.

Inventory:

Hand Weapons
 a - a +2 dagger (weapon)
Missiles
 d - 6 poisoned darts (quivered)
 e - a curare-tipped dart
Armour
 c - a +0 cloak (worn)
 r - a +3 leather armour (worn)
Wands
 u - a wand of mindburst (5)
Scrolls
 f - 2 scrolls of identify
 o - 3 scrolls of enchant armour
 t - a scroll of enchant weapon {unknown}
Potions
 b - a potion of mutation
 g - a potion of heal wounds
 h - a potion of ambrosia {unknown}
 l - 3 potions of might {unknown}
 m - a potion of resistance
 n - a potion of brilliance {unknown}
 q - 2 potions of haste {unknown}
 s - a potion of berserk rage {unknown}


   Skills:
 * Level 3.2 Fighting
 * Level 3.6(4.0) Short Blades
 * Level 2.3(3.3) Long Blades
 + Level 2.9 Throwing
 * Level 2.5 Armour
 * Level 2.7 Dodging
 * Level 6.8 Stealth
 * Level 2.3 Spellcasting
 * Level 1.6 Invocations


You had 11 spell levels left.
You didn't know any spells.
Your spell library contained the following spells:

 Spells                   Type           Power      Damage    Failure   Level
 Ensorcelled Hibernation  Hex/Ice        2%         N/A       41%         2
 Spider Form              Tmut/Pois      1%         N/A       65%         3
 Anguish                  Hex/Necr       0%         N/A       96%         4


Dungeon Overview and Level Annotations

Branches:
Dungeon (5/15)             Temple (0/1) D:4

Altars:
Cheibriados
Elyvilon
Fedhas
Kikubaaqudgha
Nemelex Xobeh
Qazlal
Uskayaw
Vehumet
Wu Jian
Xom


Innate Abilities, Weirdness & Mutations

You have razor-sharp teeth.
Your natural rate of healing is unusually fast.
When hurt, damage is shared between your health and your magic reserves.
Your bite disrupts and absorbs the magic of your enemies.
Potions cannot restore your health.
You have hidden genetic potential.


Message History

There are monsters nearby!
Unknown command.
Unknown command.
Unknown command.
The orc wizard attacks as you move away!
The orc wizard barely misses you. The ogre completely misses you.
Unknown command.
The orc wizard attacks as you move away!
The orc wizard hits you but does no damage.
The orc wizard gestures wildly while chanting.
The orc wizard flickers and vanishes!
Deactivating autopickup; reactivate with Ctrl-A.
Unknown command.
Unknown command.
Unknown command.
Unknown command.
Okay, then.
An orc comes into view. It is wielding a +0 hand axe.
As you read the scroll labelled QOETYTOHAC, it crumbles to dust.
You assume a fearsome visage.
The orc looks frightened! x2
The orc shouts!
It was a scroll of fear.
You hear a shout!
An orc comes into view. It is wielding a +0 club.
An ogre breaks down the door.
The orc nearly stumbles in trying to escape.
An orc wizard comes into view. It is wielding a +0 dagger.
As you read the scroll labelled WAIKOM JEZOIDU, it crumbles to dust.
The scroll dissolves into smoke.
It was a scroll of fog.
The orc wizard mumbles some strange words.
The orc wizard flickers and vanishes!
Unknown command.
As you read the scroll labelled XUARARIEPO, it crumbles to dust.
You feel strangely unstable.
It was a scroll of teleportation.
Unknown command.
The ogre attacks as you move away!
The ogre hits you with a +0 giant spiked club!!
Ouch! That really hurt!
You die...
Fedhas appreciates your contribution to the ecosystem.

.# #.o..#....# o#
.##.....)O##....# o.#
.###..+..###....+ .o.#
.#.##...##.#.'###....
.'8.##.##.8'.§§§§#
.#...#+#...#§{§§§#
.##...+...##§§§§§#
#.##.....##.§§§{O#
#..##.8.##..§§..@#
##..##.##..§§........#
###..#+#.............#
......+..............#
.....................#
.##....#.............#
###....#.........#####
#.....#.........#
#..††.#.........#


You could see an ogre.

Vanquished Creatures
  A black bear (D:4)
  A water moccasin (D:5)
  2 ogres (D:5)
  3 phantoms
  2 scorpions
  A howler monkey (D:5)
  A hound (D:5)
  2 orc priests
  An iguana (D:4)
  3 orc wizards
  An adder (D:3)
  A white imp (D:5)
  2 dart slugs (D:1)
  3 worms
  6 orcs
  2 ball pythons
  4 bats
  5 endoplasms
  A giant cockroach (D:3)
  5 hobgoblins
  8 jackals
  5 kobolds
  3 quokkas
  5 frilled lizards
  8 goblins
  2 rats
78 creatures vanquished.

Vanquished Creatures (others)
  2 fungi (D:4)
  2 plants (D:4)
4 creatures vanquished.

Grand Total: 82 creatures vanquished

Notes
Turn   | Place    | Note
-------+----------+-------------------------------------------
     0 | D:1      | Morbidden the Vine Stalker Brigand began the quest for the
                  | Orb.
     0 | D:1      | Reached XP level 1. HP: 11/11 MP: 2/2
   144 | D:1      | Reached skill level 5 in Stealth
   156 | D:1      | Reached XP level 2. HP: 10/15 MP: 1/3
   789 | D:1      | Reached XP level 3. HP: 18/18 MP: 4/4
  1564 | D:3      | Reached skill level 1 in Dodging
  1733 | D:3      | Found a hazy altar of Hepliaklqana.
  1737 | D:3      | Found a hide-covered altar of Uskayaw.
  1737 | D:3      | Found an ornate altar of the Wu Jian Council.
  1778 | D:3      | Found a shimmering altar of Xom.
  1778 | D:3      | Found a shimmering altar of Xom.
  1778 | D:3      | Found a white marble altar of Elyvilon.
  1946 | D:3      | Found an ancient bone altar of Kikubaaqudgha.
  2253 | D:3      | Gained mutation: Your natural rate of healing is unusually
                  | fast. [Vine Stalker growth]
  2253 | D:3      | Reached XP level 4. HP: 18/23 MP: 5/5
  2387 | D:4      | Noticed a black bear
  2387 | D:4      | Found a staircase to the Ecumenical Temple.
  2407 | D:4      | Killed a black bear
  2408 | D:4      | Reached skill level 1 in Long Blades
  2408 | D:4      | Reached skill level 1 in Armour
  2408 | D:4      | Reached skill level 6 in Stealth
  2408 | D:4      | Reached skill level 1 in Spellcasting
  2408 | D:4      | Reached XP level 5. HP: 26/26 MP: 4/7
  2576 | D:4      | Found a sparkling altar of Nemelex Xobeh.
  2589 | D:4      | Found a radiant altar of Vehumet.
  2634 | D:4      | Reached XP level 6. HP: 21/32 MP: 5/8
  2852 | D:4      | Found a stormy altar of Qazlal.
  2856 | D:4      | Found a blossoming altar of Fedhas.
  2872 | D:4      | Became a worshipper of Fedhas Madash
  2927 | D:4      | Reached XP level 7. HP: 28/35 MP: 10/10
  3465 | D:5      | Entered Level 5 of the Dungeon
  3465 | D:5      | Found a snail-covered altar of Cheibriados.
  3542 | D:5      | Reached skill level 1 in Invocations
  3661 | D:5      | Identified the +8 mace "Xogep" {flame, rF+ Str+3}
  3797 | D:5      | Gained mutation: You have hidden genetic potential. [potion
                  | of mutation]
  3802 | D:5      | Gained mutation: You have razor-sharp teeth. [Vine Stalker
                  | growth]
  3802 | D:5      | Reached XP level 8. HP: 20/40 MP: 3/12
  4160 | D:5      | Slain by an ogre

Illustrated notes

Levels and vault maps discovered:
D:1:      wheals_arrival_linesprint, layout_basic,
          amcnicky_mini_rare_corridor_liquid
D:2:      layout_rooms, minmay_misc_feat_cross
D:3:      layout_loops_ring, mainiacjoe_overflow_boulevard, doesnt_xom_only_xom,
          st_stairs_1, kennysheep_pointless_box
D:4:      layout_basic, nicolae_vehumet_radiance, general_overflow_altar,
          grunt_temple_overflow_forces_of_nature, minmay_temple_entry_grid
D:5:      layout_gridville, lemuel_crystal_altar, grunt_decor_arrowhead

Skill      XL: |  1  2  3  4  5  6  7 |
---------------+----------------------+-----
Stealth        | 5 6 |  6.8
Fighting       | 2 3 |  3.2
Dodging        | 1 2 |  2.7
Short Blades   | 2 3 |  3.6
Long Blades    | 1 2 |  2.3
Throwing       | 2 |  2.9
Armour         | 1 2 |  2.5
Spellcasting   | 1 2 |  2.3
Invocations    | 1 |  1.6

Action                   |  1- 3 |  4- 6 |  7- 9 || total
-------------------------+-------+-------+-------++-------
Melee: Dagger            |   102 |   105 |    78 ||   285
       Bite              |    29 |    32 |    27 ||    88
       Punch             |     2 |     1 |       ||     3
Throw: Dart              |    12 |    23 |    24 ||    59
  Use: Potion            |       |       |     3 ||     3
       Scroll            |       |       |     5 ||     5
 Stab: Sleeping          |     9 |     1 |     1 ||    11
Armor: Robe              |    26 |     6 |       ||    32
       Leather armour    |       |    12 |    41 ||    53
Dodge: Dodged            |    59 |    51 |    68 ||   178

Table legend: (Time is in decaauts)
 A = Elapsed time spent in this place.
 B = Non-inter-level travel time spent in this place.
 C = Inter-level travel time spent in this place.
 D = Time resting spent in this place.
 E = Time spent auto-exploring this place.
 F = Levels seen in this place.
 G = Mean time per level.
                   A        B        C        D        E       F      G
               +--------+--------+--------+--------+--------+-----+--------+
         Total |   4114 |   3964 |    150 |    194 |   3006 |   5 |  822.8 |
       Dungeon |   4114 |   3964 |    150 |    194 |   3006 |   5 |  822.8 |
               +--------+--------+--------+--------+--------+-----+--------+

Top non-repeatable levels by time:
     D:1: 1076 daAuts
     D:4: 1062 daAuts
     D:3: 861 daAuts
     D:5: 677 daAuts
     D:2: 436 daAuts
